 Dungeon Sprint DCSS version 0.19.0-24-gb05acd6 (webtiles) character file.

296 Millan the Blocker (level 6, -3/55 HPs)
             Began as a Formicid Fighter on Nov 22, 2016.
             Slain by a yak (7 damage)
             ... in the Dungeon (Sprint I: "Red Sonja").
             The game lasted 00:01:35 (717 turns).

Millan the Blocker (Formicid Fighter)                Turns: 717, Time: 00:01:35

Health: -3/55      AC:  8    Str: 22    XL:     6   Next: 61%
Magic:  6/6        EV:  9    Int:  8    God:
Gold:   297        SH: 11    Dex: 10    Spells: 0 memorised, 5 levels left

rFire  . . .     SeeInvis +     a - +0 long sword
rCold  . . .     Gourm    .     b - +0 scale mail
rNeg   . . .     Faith    .     c - +0 shield
rPois  .         Spirit   .     (helmet unavailable)
rElec  .         Reflect  .     (no cloak)
rCorr  .         Harm     .     (no gloves)
MR     .....                    (no boots)
Stlth  ..........               (no amulet)
                                (no ring)
                                (no ring)

@: no status effects
A: permanent stasis, dig shafts and tunnels, four strong arms, antennae 3
a: Dig


You were in the Dungeon.
You were not hungry.

You visited 1 branch You collected 297 gold pieces.

Inventory:

Hand Weapons
 a - a +0 long sword (weapon)
Armour
 b - a +0 scale mail (worn)
 c - a +0 shield (worn)
Scrolls
 k - a scroll of blinking
 m - a scroll of fog {unknown}
Potions
 d - a potion of might
 e - a potion of curing
 g - a potion of heal wounds
 h - a potion of haste
 i - 2 potions of magic
 j - a potion of berserk rage
Comestibles
 f - a bread ration


   Skills:
 + Level 7.3 Fighting
 * Level 6.4 Long Blades
 + Level 7.3 Armour
 - Level 9.6 Shields


You had 5 spell levels left.
You didn't know any spells.

Dungeon Overview and Level Annotations

Branches:
Dungeon (1/1)

Altars:
Cheibriados
Dithmenos
Elyvilon
Fedhas
Hepliaklqana
Kikubaaqudgha
Okawaru
Qazlal
Ru
Sif Muna
Trog
Uskayaw
Vehumet
Yredelemnul
Zin
The Shining One

Shops:
D %


Innate Abilities, Weirdness & Mutations

You are under a permanent stasis effect.
You can dig through walls and to a lower floor.
Your four strong arms can wield two-handed weapons with a shield.
You have a pair of large antennae on your head. (SInv)


Message History

The yak is lightly wounded.
The yak gores you!
You slash the yak!
The yak is moderately wounded.
The yak gores you!
You hit the yak but do no damage.
The yak is moderately wounded.
The yak gores you!
You slash the yak!
The yak is heavily wounded.
The yak gores you!
* * * LOW HITPOINT WARNING * * *
You slash the yak!
The yak is severely wounded.
The yak gores you!
* * * LOW HITPOINT WARNING * * *
You hit the yak but do no damage.
The yak is severely wounded.
The yak gores you!
You die...

################
#<.#..)..#.)'..#
#..'..#..'..#..+
{
#..#####'#####'#
#..# #..#...#.#
#..#__####..##(#
{
#..#_____##'#..+
#⌠⌠#_.∩...Y@.._#
{
####_..__##_.#+#
___ ##+# # { {


You could see a yak.

Vanquished Creatures
  Sigmund (D)
  An ogre (D)
  A jelly (D)
  Ijyb (D)
4 creatures vanquished.

Notes
Turn   | Place    | Note
-------+----------+-------------------------------------------
     0 | D        | Millan the Formicid Fighter began the quest for the Orb.
     0 | D        | Reached XP level 1. HP: 18/18 MP: 1/1
     2 | D        | Noticed Ijyb
    11 | D        | Killed Ijyb
    11 | D        | Reached skill level 4 in Shields
    11 | D        | Reached XP level 2. HP: 24/26 MP: 2/2
    12 | D        | Reached XP level 3. HP: 29/31 MP: 3/3
    32 | D        | Noticed an ogre
    38 | D        | HP: 1/31 [ogre/giant spiked club (23)]
    41 | D        | Killed an ogre
    41 | D        | Reached skill level 5 in Fighting
    41 | D        | Reached skill level 5 in Armour
    41 | D        | Reached skill level 7 in Shields
    41 | D        | Reached XP level 4. HP: 1/40 MP: 4/4
    41 | D        | Reached XP level 5. HP: 1/46 MP: 5/5
   345 | D        | Noticed Sigmund
   354 | D        | Killed Sigmund
   354 | D        | Reached skill level 9 in Shields
   354 | D        | Reached XP level 6. HP: 32/55 MP: 6/6
   495 | D        | Found a deep blue altar of Sif Muna.
   497 | D        | Found a radiant altar of Vehumet.
   709 | D        | Found Ykhlesel's Food Emporium.
   709 | D        | Found an ancient bone altar of Kikubaaqudgha.
   709 | D        | Found a hazy altar of Hepliaklqana.
   709 | D        | Found a stormy altar of Qazlal.
   709 | D        | Found a hide-covered altar of Uskayaw.
   709 | D        | Found a blossoming altar of Fedhas.
   709 | D        | Found a bloodstained altar of Trog.
   709 | D        | Found an iron altar of Okawaru.
   709 | D        | Found a basalt altar of Yredelemnul.
   709 | D        | Found a glowing golden altar of the Shining One.
   709 | D        | Found a snail-covered altar of Cheibriados.
   709 | D        | Found a sacrificial altar of Ru.
   709 | D        | Found a glowing silver altar of Zin.
   709 | D        | Found a shadowy altar of Dithmenos.
   709 | D        | Found a white marble altar of Elyvilon.
   709 | D        | Noticed a yak
   717 | D        | Slain by a yak

Skill      XL: |  1  2  3  4  5 |
---------------+----------------+-----
Fighting       | 4 5 7 |  7.3
Long Blades    | 3 4 6 |  6.4
Armour         | 4 5 7 |  7.3
Shields        | 4 7 9 |  9.6

Action                   |  1- 3 |  4- 6 || total
-------------------------+-------+-------++-------
Melee: Long sword        |    17 |    19 ||    36
Armor: Scale mail        |     2 |     1 ||     3
Dodge: Dodged            |     6 |     2 ||     8
Block: Shield            |     7 |     5 ||    12
       Rpst.: Long sword |       |     1 ||     1
